 Dungeon Crawl Stone Soup version 0.22-a0-367-gb72a975 (webtiles) character file.

7 Amnesiac the Magician (level 1, -6/14 HPs)
             Began as a Mummy Wizard on Apr 22, 2018.
             Mangled by an orc
             ... wielding a +0 short sword
              (7 damage)
             ... on level 3 of the Dungeon.
             The game lasted 00:01:21 (573 turns).

Amnesiac the Magician (Mummy Wizard)                 Turns: 573, Time: 00:01:22

Health: -6/14      AC:  2    Str: 10    XL:     1   Next: 83%
Magic:  5/5        EV: 12    Int: 17    God:
Gold:   0          SH:  0    Dex: 10    Spells: 7/8 levels left

rFire    x . .     SeeInvis .   (no weapon)
rCold    + . .     Gourm    .   (no shield)
rNeg     + + +     Faith    .   a - +0 robe
rPois    ∞         Spirit   .   b - +0 hat
rElec    .         Reflect  .   (no cloak)
rCorr    .         Harm     .   (no gloves)
MR       .....                  (no boots)
Stlth    ++........             (no amulet)
HPRegen  0.04/turn              (no ring)
MPRegen  0.09/turn              (no ring)

@: no status effects
A: no food or potions, fire vulnerability, cold resistance 1, negative energy
resistance 3, torment resistance, unbreathing
a: no special abilities


You were on level 3 of the Dungeon.
You were not hungry.

You visited 1 branch of the dungeon, and saw 3 of its levels.

Inventory:

Missiles
 c - 18 sling bullets
Armour
 a - a +0 robe (worn)
 b - a +0 hat (worn)


   Skills:
 + Level 0.6 Fighting
 * Level 2.0 Dodging
 - Level 1.5 Stealth
 - Level 4.0 Spellcasting
 - Level 0.7 Conjurations
   Level 0.7 Summonings
   Level 0.7 Translocations


You had 7 spell levels left.
You knew the following spells:

 Your Spells              Type           Power        Failure   Level  Hunger
a - Magic Dart            Conj           #...         12%         1    N/A

Dungeon Overview and Level Annotations

Branches:
Dungeon (3/15)

Altars:


Innate Abilities, Weirdness & Mutations

You do not eat or drink.
Your flesh is vulnerable to fire.
You are immune to poison.
Your flesh is cold resistant. (rC+)
You are immune to negative energy. (rN+++)
You are immune to unholy pain and torment.
You can survive without breathing.


Message History

Press: ? - help, Shift-Dir - straight line, f/p - hobgoblin
Aim: a hobgoblin, wielding a club (severely wounded)
The magic dart hits the hobgoblin.
You kill the hobgoblin!
Your Dodging skill increases to level 2!
Casting: Magic Dart (safe; 12% risk of failure)
Confirm with . or Enter, or press ? or * to list all spells.
You don't have enough magic to cast that spell.
You start resting.
Magic restored.
You start resting.
Magic restored.
You start resting.
You start resting.
HP restored.
There is a stone staircase leading down here.
Things that are here:
a club; a goblin skeleton
There is an open door here.
Things that are here:
a dagger; a goblin skeleton You see here a club.
Found a yellow potion.
There is a stone staircase leading down here.
You climb downwards.
There is a stone staircase leading up here.
As you open the door, it creaks loudly!
Found an escape hatch in the floor.
There is an open door here.
You close the door.
There is an escape hatch in the floor here.
You slide downwards.
The hatch slams shut behind you.
Found a ring mail. 2 orcs and an orc wizard come into view.
The orc shouts!
The orc wizard shouts!
You aren't carrying any scrolls.
The orc wizard mumbles some strange words.
The orc wizard flickers and vanishes!
Deactivating autopickup; reactivate with Ctrl-A.
You are confused.
You bump into the rock wall.
You bump into the rock wall.
You bump into the rock wall.
You bump into the rock wall.
Found a purple potion.
You feel less confused.
Found 22 stones.
A magic dart appears from out of thin air!
The magic dart hits you!
Ouch! That really hurt!
* * * LOW HITPOINT WARNING * * *
You see here 22 stones.
Something tries to affect you, but you resist.
A rat comes into view.
Found a stone staircase leading up.
An orc comes into view.
An orc comes into view. It is wielding a whip.
The orc shouts!
The orc hits you.
* * * LOW HITPOINT WARNING * * *
Found a stone staircase leading down.
The orc hits you with a short sword!
Ouch! That really hurt!
You die...

#o# ....... ###.#
#........ #...#
#........ #(###
#........ #o#
#........
#.#######........
#{#.r............
#.#.####.ooo.....
#.#.# #.@.......
#.#.####.........
#.o.......#.#.###
#...#####<#.# #
#.#.# #.# # .....
#.# ##.#.## #>#
#.... ..# #.#.#


You could see 3 orcs.

Vanquished Creatures
  3 goblins (D:1)
  2 hobgoblins (D:1)
5 creatures vanquished.

Notes
Turn   | Place    | Note
-------+----------+-------------------------------------------
     0 | D:1      | Amnesiac the Mummy Wizard began the quest for the Orb.
     0 | D:1      | Reached XP level 1. HP: 13/13 MP: 5/5
   527 | D:3      | Noticed an orc wizard
   573 | D:3      | Mangled by an orc

Vault maps used:
D:1:      nzn_arrival_water_spiral, serial_park_tiny_1
D:2:      kennysheep_six_static_rooms, kennysheep_slug_shrine, led_sif_pool,
          lemuel_crystal_altar
D:3:      uniq_robin

Skill      XL: |  1 |
---------------+----+-----
Dodging        | 2 |  2.0
Fighting       | |  0.6
Stealth        | |  1.5
Spellcasting   | |  4.0
Conjurations   | |  0.7
Summonings     | |  0.7
Translocations | |  0.7

Action                   || total
-------------------------++-------
Melee: Unarmed           ||    15
 Cast: Magic Dart        ||    20
Armor: Robe              ||     3
Dodge: Dodged            ||    11

Table legend:
 A = Spawn XP
 B = Non-spawn XP
 C = Spawn XP percentage of total XP
 D = Spawn monster count
 E = Non-spawn monster count
 F = Spawn count percentage of total count
 G = Total turns spent on level
                    A         B        C        D         E        F      G
               +---------+---------+-------+---------+---------+-------+---------
         Total |       0 |      10 |   0.0 |       0 |       5 |   0.0 |   573
               +---------+---------+-------+---------+---------+-------+---------
           D:1 |       0 |      10 |   0.0 |       0 |       5 |   0.0 |   425
               +---------+---------+-------+---------+---------+-------+---------
